Unix NetHack Version 5.0.0-0 post-release - last build May 23 2026 06:08:33 (1c0ff79ee797540d5714e4e18072db0edd9e58ae,branch:main).

Game began 2026-05-23 17:27:08, ended 2026-05-23 17:38:18.

DaveT, lawful male human Priest

                                                                           ----
                                                                    .    ---..|
                                                                   ..--  |..<--
                                                                  ....|  |..-|
                                                                  ...@----...--
                                                                  ..%h)|......|
                                                                   |.........--
                                                                   --G..---..|
                                                                    ----- ----

DaveT the Acolyte            St:13 Dx:15 Co:14 In:11 Wi:16 Ch:8  Lawful
Dlvl:6  $:31 HP:0(43) Pw:51(51) AC:5  Xp:5 T:1923  Satiated Burdened

Latest messages:
 You stop eating the gnome corpse.
 You have a little trouble lifting G - a concave amulet.
 What do you want to put on? [G or ?*] G
 G - a concave amulet (being worn).
 The gnome hits!
 You miss the gnome.
 You kill the gnome!
 There is a partly eaten gnome corpse here; eat it? [ynq] (n) y
 You resume your meal.
 You hear crashing rock.
 You stop eating the gnome corpse.
 There is a partly eaten gnome corpse here; eat it? [ynq] (n) y
 You resume your meal.
 You stop eating the gnome corpse.
 The gnome misses!
 You kill the gnome!
 The gnome shoots an arrow!
 You are hit by an arrow.
 The arrow hits the dwarf.
 The gnome shoots an arrow!
 The arrow misses the dwarf.
 An arrow misses you.
 You already found a monster.  Use 'm' prefix to force another search.
 You already found a monster.  Use 'm' prefix to force another search.
 You already found a monster.  Use 'm' prefix to force another search.
 You already found a monster.  Use 'm' prefix to force another search.
 You already found a monster.  Use 'm' prefix to force another search.
 You already found a monster.  Use 'm' prefix to force another search.
 You already found a monster.  Use 'm' prefix to force another search.
 The dwarf swings his broad pick.
 The dwarf hits!
 You miss the dwarf.
 The dwarf swings his broad pick.
 The dwarf misses!
 You miss the dwarf.
 The gnome shoots an arrow!
 The arrow misses the dwarf.
 You are hit by an arrow.
 You miss the dwarf.
 The dwarf swings his broad pick.
 The dwarf hits!
 You miss the dwarf.
 The dwarf swings his broad pick.
 The dwarf misses!
 The dwarf swings his broad pick.
 The dwarf hits!
 You die...
 Do you want your possessions identified? [ynq] (y) y
 Do you want to see your attributes? [ynq] (y) y
 Do you want an account of creatures vanquished? [ynaq] (y) q

Inventory:
 Coins    ('$')
  $ - 31 gold pieces
 Amulets  ('"')
  G - an amulet of ESP (being worn)
 Weapons  (')')
  B - 11 +0 arrows
  D - 11 blessed +2 darts
  E - 12 +0 darts
  C - 3 blessed +0 daggers
  z - a +0 aklys
  a - a blessed +1 mace (weapon in right hand)
  t - a +0 two-handed sword
 Armor    ('[')
  c - a burnt +0 small shield (being worn)
  b - a burnt +0 robe (being worn)
  x - a +0 scale mail (being worn)
 Comestibles  ('%')
  e - 2 cloves of garlic
  m - 3 food rations
  v - a pancake
  f - a sprig of wolfsbane
 Spellbooks  ('+')
  h - a spellbook of detect unseen
  A - a spellbook of light
  g - a spellbook of protection
 Potions  ('!')
  F - a cursed potion of object detection
  d - 4 potions of holy water
 Tools    ('(')
  o - a brass lantern (lit)
  i - an oil lamp
  y - a tin whistle
 Gems/Stones  ('*')
  k - a worthless piece of black glass

DaveT the Priest's attributes:

Background:
 You were an Acolyte, a level 5 human Priest.
 You were lawful, on a mission for Anu
 who was opposed by Ishtar (neutral) and Anshar (chaotic).
 You were right-handed.
 You were in the Gnomish Mines, on level 6.
 You entered the dungeon 1923 turns ago.
 You had 219 experience points, 101 more were needed to attain level 6.

Basics:
 You had 0 out of 43 hit points.
 You had all 51 energy points (spell power).
 Your armor class was 5.
 Your wallet contained 31 zorkmids.
 Autopickup was off.

Final Characteristics:
 Your strength was 13 (limit:18/100).
 Your dexterity was 15 (peak:16, limit:18).
 Your constitution was 14 (limit:18).
 Your intelligence was 11 (limit:18).
 Your wisdom was 16 (limit:18).
 Your charisma was 8 (limit:18).

Final Status:
 You were satiated.
 You were burdened; movement was slightly slowed.
 You were wielding a mace.
 You had basic skill with mace.

Final Attributes:
 You were devoutly aligned.
 You could recognize detrimental food.
 You were telepathic.
 You were guarded.
 Your spell casting was impaired by metallic armor, mitigated by your robe.
 You are dead.

Miscellaneous:
 You didn't encounter any bones levels.
 Total elapsed playing time was 11 minutes and 10 seconds.

Major events:
 Turn
    1: DaveT the lawful human Priest entered the dungeon
  902: attained the rank of Acolyte (level 3)
 1464: entered the Gnomish Mines
 1923: killed by a dwarf

Spells:
 Name                 Level Category     Fail Retention
 protection             1   clerical      38%  91%-100%
 detect unseen          3   divination   100%  76%-100%
 light                  1   clerical      38%  91%-100%

Skills:
 Fighting Skills
   bare handed combat [Unskilled]
 Weapon Skills
   club               [Unskilled]
   mace               [Basic]
   morning star       [Unskilled]
   flail              [Unskilled]
   hammer             [Unskilled]
   quarterstaff       [Unskilled]
   polearms           [Unskilled]
   spear              [Unskilled]
   trident            [Unskilled]
   lance              [Unskilled]
   bow                [Unskilled]
   sling              [Unskilled]
   crossbow           [Unskilled]
   dart               [Unskilled]
   shuriken           [Unskilled]
   boomerang          [Unskilled]
   unicorn horn       [Unskilled]
 Spellcasting Skills
   healing spells     [Unskilled]
   divination spells  [Unskilled]
   clerical spells    [Basic]

Voluntary challenges:
 Character rerolling was not enabled.
 You never genocided any monsters.
 You never polymorphed an object.
 You never changed form.
 You used no wishes.
Achievements:
 You entered a shop.
 You attained the rank of Acolyte.
 You entered the Gnomish Mines.

 The Dungeons of Doom: levels 1 to 5
    Level 1:
       A fountain, a grave.
    Level 2:
       An armor shop, a fountain.
    Level 3:
       A grave.
    Level 4:
       Stairs down to The Gnomish Mines.
    Level 5:
 The Gnomish Mines: levels 5 to 6
    Level 5:
    Level 6: <- You were here.
       Final resting place for
          you, killed by a dwarf.


Vanquished creatures:
  2 gnome leaders
  a gray ooze
  a kitten
  a wererat
 an iguana
  a coyote
  a large kobold
  2 hobgoblins
  2 giant rats
  a red mold
 13 gnomes
  a gnome zombie
  2 geckos
  4 jackals
  a fox
  a goblin
  2 grid bugs
  a bat
  2 lichens
  a kobold zombie
  3 newts
44 creatures vanquished.

No species were genocided or became extinct.

Game over:
                       ----------
                      /          \
                     /    REST    \
                    /      IN      \
                   /     PEACE      \
                  /                  \
                  |      DaveT       |
                  |      31 Au       |
                  |   killed by a    |
                  |      dwarf       |
                  |                  |
                  |                  |
                  |       2026       |
                 *|     *  *  *      | *
        _________)/\\_//(\/(/\)/\//\/|_)_______

Goodbye DaveT the Priest...

You died in The Gnomish Mines on dungeon level 6 with 1194 points,
and 31 pieces of gold, after 1923 moves.
You were level 5 with a maximum of 43 hit points when you died.

